 Dungeon Crawl Stone Soup version 0.29.0-4-gdea44cf6ec (webtiles) character file.

Game seed: 2438956334617603098

53 qw the Chopper (level 3, -2/21 HPs)
             Began as a Tengu Warper on Aug 28, 2022.
             Killed from afar by Natasha (9 damage)
             ... with a puff of flame
             ... on level 2 of the Dungeon.
             The game lasted 00:00:08 (1857 turns).

qw the Chopper (Tengu Warper)                       Turns: 1857, Time: 00:00:09

Health: -2/21      AC:  5    Str: 13    XL:     3   Next: 87%
Magic:  7/7        EV: 11    Int: 13    God:
Gold:   71         SH:  0    Dex: 13    Spells: 6/6 levels left

rFire   . . .      SeeInvis .   Y - +2 hand axe
rCold   . . .      Faith    .   (no shield)
rNeg    . . .      Spirit   .   i - +0 ring mail
rPois   .          Reflect  .   (helmet restricted)
rElec   .          Harm     .   (no cloak)
rCorr   .          Rampage  .   (no gloves)
Will    .....                   (boots unavailable)
Stlth   +.........              (no amulet)
HPRegen 0.07/turn               (no ring)
MPRegen 0.10/turn               (no ring)

@: slowed, very slow
A: beak, talons 3
a: no special abilities


You were on level 2 of the Dungeon.
You visited 1 branch of the dungeon, and saw 2 of its levels.

You collected 71 gold pieces.


Innate Abilities, Weirdness & Mutations

You have a beak for a mouth.
You have claws for feet.


   Skills:
 - Level 2.0 Fighting
 + Level 4.5 Axes
 - Level 1.0 Throwing
 - Level 1.1 Armour
 - Level 2.1 Dodging
 - Level 2.0 Spellcasting
 - Level 2.4 Translocations


You had 6 spell levels left.
You didn't know any spells.
Your spell library contained the following spells:

 Spells                   Type           Power      Damage    Failure   Level
 Blink                    Tloc           14%        N/A       30%         2
 Gell's Gravitas          Tloc           7%         N/A       52%         3
 Lesser Beckoning         Tloc           7%         N/A       52%         3
 Teleport Other           Tloc           7%         N/A       52%         3
 Manifold Assault         Tloc           7%         N/A       99%         5

Inventory:

Hand Weapons
 a - a +0 mace
 Y - a +2 hand axe (weapon)
Armour
 i - a +0 ring mail (worn)
Jewellery
 b - an amulet of reflection
Potions
 c - a potion of mutation {unknown}
 j - a potion of attraction {unknown}

Dungeon Overview and Level Annotations

Branches:
Dungeon (2/15)

Altars:

Shops:
D:1 [

Annotations:
D:2 Natasha


Message History

You barely miss the adder. Your kick misses the adder.
Your peck misses the adder.
The adder is heavily wounded.
You feel sick. The adder bites you.
You are more poisoned.
The adder poisons you!
You closely miss the adder. You claw the adder, but do no damage.
The adder is heavily wounded.
You feel sick. The adder barely misses you.
You hit the adder.
You kill the adder!
You feel sick.
You start resting.
You feel sick. x5
You are no longer poisoned.
HP restored.
A worm comes into view.
You slash the worm!
The worm is heavily wounded.
You barely miss the worm.
The worm is heavily wounded.
The worm closely misses you.
You hit the worm. You peck the worm.
The worm is almost dead.
The worm barely misses you.
You hit the worm.
You kill the worm!
c - a yellow potion
Enter note: Natasha, Servant of Life and Death comes into view.
She is carrying a wand of flame (25).
Natasha hisses angrily.
1852 ||| Stepping ~*~*~tactically~*~*~ (hiding).
You start waiting.
Natasha is nearby!
Natasha casts a spell at you.
You feel yourself slow down. Natasha claws you!
Natasha zaps a wand.
The puff of flame hits you.
You closely miss Natasha. Your kick misses Natasha.
Natasha zaps a wand.
The puff of flame hits you!
You die...

.##....................#
#.........%....#.....
................#...#
########.........#...####
#................#
....#.............#
....#.............# ...
#...#.........#
#@..#.........#
......h...#...#######
.........##.....#
.........##.....#
...#.....##.....# ..
#.....######## . #.....#
#######


You could see Natasha.

Vanquished Creatures
  2 adders (D:2)
  A worm (D:2)
  4 endoplasms
  3 giant cockroaches
  2 goblins (D:1)
  4 hobgoblins (D:1)
  4 kobolds
  4 bats
  A frilled lizard (D:2)
  4 rats (D:1)
29 creatures vanquished.

Notes
Turn   | Place    | Note
-------+----------+-------------------------------------------
     0 | D:1      | qw the Tengu Warper began the quest for the Orb.
     0 | D:1      | Reached XP level 1. HP: 12/12 MP: 4/4
     0 | D:1      | 0 ||| qw: Version: 0.1-a-89-g26bdef1
     0 | D:1      | 0 ||| qw: Game counter: 2957
     0 | D:1      | 0 ||| qw: Always use a shield: true
     0 | D:1      | 0 ||| qw: God list: Okawaru
     0 | D:1      | 0 ||| qw: Allow faded altars: false
     0 | D:1      | 0 ||| qw: Do Orc after D:15 true
     0 | D:1      | 0 ||| qw: Do second Lair branch before Depths: true
     0 | D:1      | 0 ||| qw: Lair rune preference: random
     0 | D:1      | 0 ||| qw: Plans: Normal
     0 | D:1      | 0 ||| PLANNING D:1-11
    44 | D:1      | 44 ||| Stepping ~*~*~tactically~*~*~ (stealth).
    48 | D:1      | 48 ||| Stepping ~*~*~tactically~*~*~ (stealth).
   281 | D:1      | Found a faded altar of an unknown god.
   479 | D:1      | Reached skill level 3 in Axes
   479 | D:1      | Reached XP level 2. HP: 17/17 MP: 6/6
   950 | D:1      | Found Miriohi's Antique Armour Emporium.
   956 | D:1      | 956 ||| SHOPLISTING glowing cloak (202 gold, have 43).
   956 | D:1      | 956 ||| SHOPLISTING glowing robe (99 gold, have 43).
   956 | D:1      | 956 ||| SHOPLISTING plate armour (621 gold, have 43).
   956 | D:1      | 956 ||| SHOPLISTING runed chain mail (202 gold, have 43).
  1175 | D:1      | Reached XP level 3. HP: 20/21 MP: 7/7
  1296 | D:1      | 1296 ||| DROPPING orb of energy.
  1297 | D:1      | 1297 ||| UPGRADING to +0 ring mail.
  1307 | D:1      | 1307 ||| DROPPING +0 leather armour.
  1308 | D:1      | 1308 ||| READING scroll labelled BIASKU ZOCSOSK.
  1309 | D:1      | 1309 ||| READING scroll labelled VIC NEACLIQOPN.
  1410 | D:1      | 1410 ||| READING scroll labelled NILY IMEPLOAT.
  1411 | D:1      | 1411 ||| READING 2 scrolls labelled FUD OPEBER.
  1412 | D:1      | 1412 ||| READING scroll of enchant weapon.
  1412 | D:1      | 1412 ||| ENCHANTING +1 hand axe.
  1413 | D:1      | 1413 ||| READING scroll labelled ASSIF SIPTO.
  1414 | D:1      | 1414 ||| READING scroll labelled TANIAR IPNUOTE.
  1415 | D:1      | 1415 ||| DROPPING scroll of blinking.
  1476 | D:2      | Reached skill level 4 in Axes
  1556 | D:2      | 1556 ||| DROPPING +0 club.
  1576 | D:2      | HP: 5/21 [poisoned by an adder]
  1851 | D:2      | Noticed Natasha
  1852 | D:2      | 1852 ||| Stepping ~*~*~tactically~*~*~ (hiding).
  1857 | D:2      | Killed from afar by Natasha

Levels and vault maps discovered:
D:1:      kennysheep_arrival_seaside, layout_loops_corners, serial_shops,
          nicolae_shop_stone, ebering_ecumenical_altar_rust, moated_statue
D:2:      layout_basic, uniq_natasha

Skill      XL: |  1  2  3 |
---------------+----------+-----
Axes           | 3 4 |  4.5
Fighting       | |  2.0
Throwing       | |  1.0
Armour         | |  1.1
Dodging        | |  2.1
Spellcasting   | |  2.0
Translocations | |  2.4

Action                   || total
-------------------------++-------
Melee: Hand axe          ||    71
       Kick              ||    19
       Punch             ||     1
       Peck              ||     7
Throw: Boomerang         ||     7
  Use: Scroll            ||     7
Armor: Leather armour    ||     5
       Ring mail         ||     9
Dodge: Dodged            ||    28

Table legend:
 A = Non-vault XP
 B = Vault XP
 C = Vault XP percentage of total XP
 D = Non-vault monster count
 E = Vault monster count
 F = Vault count percentage of total count
                 A         B        C        D         E       F
            +---------+---------+-------+---------+---------+-------
      Total |      76 |       0 |   0.0 |      29 |       0 |   0.0
            +---------+---------+-------+---------+---------+-------
        D:1 |      34 |       0 |   0.0 |      20 |       0 |   0.0
        D:2 |      42 |       0 |   0.0 |       9 |       0 |   0.0
            +---------+---------+-------+---------+---------+-------
